 Dungeon Crawl Stone Soup version 0.21.0-25-ge575cb9 (webtiles) character file.

83 loralnil the Sneak (level 4, -4/24 HPs)
             Began as a Vine Stalker Monk on Jan 24, 2018.
             Was a Believer of Qazlal.
             Slain by an orc warrior
             ... wielding a +1 mace of protection
              (11 damage)
             ... on level 3 of the Dungeon.
             The game lasted 00:04:03 (2596 turns).

loralnil the Sneak (Vine Stalker Monk)              Turns: 2596, Time: 00:04:04

Health: -4/24      AC:  3    Str: 14    XL:     4   Next: 44%
Magic:  0/5        EV: 13    Int: 10    God:    Qazlal [**....]
Gold:   115        SH:  3    Dex: 17    Spells: 3/3 levels left

rFire    . . .     SeeInvis .     - Unarmed
rCold    . . .     Gourm    .   (no shield)
rNeg     . . .     Faith    .   a - +1 robe
rPois    .         Spirit   +   (no helmet)
rElec    .         Reflect  .   (no cloak)
rCorr    .         Harm     .   (no gloves)
MR       .....                  (no boots)
Stlth    ++........             (no amulet)
HPRegen  0.48/turn              (no ring)
MPRegen  0.09/turn              (no ring)

@: no status effects
A: fangs 2, regeneration 1, magic shield, antimagic bite, no potion heal 3, rot
immunity
a: Upheaval, Renounce Religion


You were on level 3 of the Dungeon.
You worshipped Qazlal.
Qazlal was pleased with you.
You were not hungry.

You visited 1 branch of the dungeon, and saw 3 of its levels.

You collected 115 gold pieces.

Inventory:

Armour
 a - a +1 robe (worn)
Wands
 l - a wand of acid (8)
Scrolls
 e - a scroll of magic mapping {unknown}
 f - a scroll of blinking {unknown}
 i - a scroll of amnesia
 k - a scroll of noise {unknown}
 m - a scroll of remove curse
Potions
 c - 3 potions of curing
 d - a potion of heal wounds {unknown}
 h - a potion of invisibility
 j - 3 potions of brilliance
 n - a potion of cancellation {unknown}
Comestibles
 b - 6 rations
 g - 6 chunks of flesh


   Skills:
 + Level 3.3 Fighting
 + Level 2.9 Dodging
 + Level 3.7 Stealth
 + Level 3.5 Unarmed Combat


You had 3 spell levels left.
You didn't know any spells.

Dungeon Overview and Level Annotations

Branches:
Dungeon (3/15)

Altars:
Dithmenos
Fedhas
Qazlal
Uskayaw
Yredelemnul


Innate Abilities, Weirdness & Mutations

You have extremely sharp teeth.
Your natural rate of healing is unusually fast.
When hurt, damage is shared between your health and your magic reserves.
Your bite disrupts and absorbs the magic of your enemies.
Potions cannot restore your health.
You are immune to rotting.


Message History

You closely miss the orc warrior. The orc warrior barely misses you.
You hit the orc warrior but do no damage.
Your bite misses the orc warrior.
You hit the orc warrior but do no damage.
The orc warrior hits you with a mace of protection.
You hit the orc warrior but do no damage.
You bite the orc warrior, but do no damage.
The orc warrior hits you but does no damage.
You hit the orc warrior but do no damage.
You bite the orc warrior, but do no damage.
The orc warrior hits you with a mace of protection!!
Ouch! That really hurt!
* * * LOW HITPOINT WARNING * * *
You hit the orc warrior.
You bite the orc warrior, but do no damage.
The orc warrior is lightly wounded.
You hit the orc warrior.
The orc warrior is moderately wounded.
The orc warrior hits you with a mace of protection!
You die...

### #####
#.#############.#.
###
#.............#..
...
#.###########.#.# ..
###.# #.#.#.#####
....# #.@o.......
##### #...#.#####
#...# # #...#
#############.#...#
.......#....#.#...#
.......#....#.#....
.......#...)#.#....#
....####....#.# o.


You could see an orc warrior.

Vanquished Creatures
  2 adders
  An ooze (D:1)
  An adder zombie (D:1)
  2 worms (D:2)
  A leopard gecko (D:2)
  2 orcs (D:3)
  A bat zombie (D:1)
  3 giant cockroaches
  4 goblins
  4 hobgoblins
  2 quokkas
  9 bats
  3 frilled lizards
  7 kobolds
  10 rats
52 creatures vanquished.

Notes
Turn   | Place    | Note
-------+----------+-------------------------------------------
     0 | D:1      | loralnil the Vine Stalker Monk began the quest for the Orb.
     0 | D:1      | Reached XP level 1. HP: 11/11 MP: 2/2
    67 | D:1      | Reached XP level 2. HP: 15/16 MP: 3/3
   697 | D:1      | Reached XP level 3. HP: 20/20 MP: 4/4
   971 | D:2      | Found a basalt altar of Yredelemnul.
  1111 | D:2      | Found a blossoming altar of Fedhas.
  1113 | D:2      | Found a hide-covered altar of Uskayaw.
  1114 | D:2      | Found a stormy altar of Qazlal.
  1122 | D:2      | Became a worshipper of Qazlal Stormbringer
  1122 | D:2      | Reached * piety under Qazlal
  1122 | D:2      | Reached ** piety under Qazlal
  2106 | D:2      | Gained mutation: Your natural rate of healing is unusually fast. [Vine Stalker growth]
  2106 | D:2      | Reached XP level 4. HP: 18/24 MP: 5/5
  2413 | D:3      | Noticed an orc warrior
  2495 | D:3      | Found a shadowy altar of Dithmenos.
  2596 | D:3      | Slain by an orc warrior

Skill      XL: |  1  2 |
---------------+-------+-----
Stealth        | 3 |  3.7
Fighting       | 3 |  3.3
Dodging        | |  2.9
Unarmed Combat | |  3.5

Action                   |  1- 3 |  4- 6 || total
-------------------------+-------+-------++-------
Melee: Unarmed           |   113 |    53 ||   166
       Bite              |    28 |    12 ||    40
  Use: Scroll            |     9 |       ||     9
 Stab: Sleeping          |     7 |       ||     7
  Eat: Chunk             |     4 |     1 ||     5
Armor: Robe              |     8 |    14 ||    22
Dodge: Dodged            |    61 |    33 ||    94
Block: Other             |     3 |     4 ||     7
